 Dungeon Crawl Stone Soup version 0.31-a0-187-gba352fbbf7 (webtiles) character file.

Game seed: 5616728819391011966

91 innerfire43 the Chopper (level 4, -14/35 HPs)
             Began as a Demonspawn Monk on June 22, 2023.
             Demolished by a sleepcap (21 damage)
             ... on level 3 of the Dungeon.
             The game lasted 00:02:14 (1681 turns).

innerfire43 the Chopper (Demonspawn Monk)           Turns: 1681, Time: 00:02:15

Health: -14/35     AC:  2    Str: 14    XL:     4   Next: 34%
Magic:  18/18      EV:  2    Int: 11    God:
Gold:   64         SH:  0    Dex: 15    Spells: 3/3 levels left

rFire   x . .        a - +1 hand axe
rCold   + . .        d - orb {light}
rNeg    . . .        b - +0 robe
rPois   .            (no helmet)
rElec   .            (no cloak)
rCorr   .            (no gloves)
SInv    .            (no boots)
Will    .....        j
                       - Hermit's Pendant {Faith Invo=14 Evo=0 MP+5}
Stlth   +            k - ring of ice
HPRegen 0.25/turn    (no ring)
MPRegen 0.32/turn

%: faith
@: sleeping, glowing
A: magic regeneration
a: no special abilities


You were on level 3 of the Dungeon.
You visited 1 branch of the dungeon, and saw 3 of its levels.

You collected 64 gold pieces.

Inventory:

Hand Weapons
 a - a +1 hand axe (weapon)
Armour
 b - a +0 robe (worn)
 d - an orb of light (worn)
Jewellery
 j - the Hermit's Pendant (around neck) {Faith Invo=14 Evo=0 MP+5}
   (You took it off a kobold on level 2 of the Dungeon)

   [amulet of faith]

   Invo=14: It sets your Invocations skill to 14.
   Evo=0: It sets your Evocations skill to 0.
   It allows you to gain divine favour quickly.
   MP:        It affects your magic capacity (+5).
 k - a ring of ice (left hand)
Scrolls
 e - a scroll of fog {unknown}
 f - 5 scrolls of identify {unknown}
 i - 3 scrolls of poison {unknown}
Potions
 c - a potion of ambrosia
 g - a potion of berserk rage {unknown}
 h - a potion of cancellation {unknown}
 l - a potion of brilliance {unknown}


   Skills:
 + Level 3.3 Fighting
 * Level 4.3 Axes
 + Level 2.9 Dodging


You had 3 spell levels left.
You didn't know any spells.
Your spell library was empty.

Dungeon Overview and Level Annotations

Branches:
Dungeon (3/15)

Altars:


Innate Abilities, Weirdness & Mutations

You regenerate magic rapidly.


Message History

You hit the sleepcap but do no damage. You hit the bat.
You kill the bat!
The sleepcap barely misses you.
You hit the sleepcap but do no damage. You barely miss the ball python.
The ball python misses you. The ball python grabs you.
The ball python constricts you. The sleepcap releases spores at you.
You slash the ball python!
You kill the ball python!
You hit the sleepcap but do no damage. The sleepcap misses you.
You hit the sleepcap but do no damage. The sleepcap closely misses you.
You hit the sleepcap but do no damage. The sleepcap releases spores at you.
You are engulfed in a cloud of soporific spores!
You fall asleep.
The sleepcap releases spores at you!
You wake up.
You are engulfed in a cloud of soporific spores!
You are unaffected.
You hit the sleepcap.
The sleepcap is lightly damaged.
A goblin comes into view. It is wielding a +0 club.
The sleepcap barely misses you.
You hit the sleepcap but do no damage.
The sleepcap is lightly damaged.
The sleepcap closely misses you.
You completely miss the sleepcap.
The sleepcap is lightly damaged.
A hobgoblin comes into view.
The sleepcap releases spores at you.
A kobold comes into view. It is wielding a +0 whip.
The hobgoblin shouts!
The kobold shouts!
You hit the sleepcap.
The sleepcap is lightly damaged.
The sleepcap releases spores at you.
* * * LOW HITPOINT WARNING * * *
You are engulfed in a cloud of soporific spores!
You fall asleep.
A ball python comes into view.
The ball python hisses angrily.
The sleepcap releases spores at you!!
Ouch! That really hurt!
You die...

...#.#).##.....#
#..K..#........#
#.###...#......#
...S#.#.#.....#
#.###...#.....#
#.............#
S.g#....†.....#
..:.g..@f.....#
.#..#.###........
. .. ####.....
... g... ..# ...
. ..


f You could see a sleepcap, a hobgoblin, a goblin, 2 ball pythons and a kobold.

Vanquished Creatures
  2 adders (D:2)
  An ufetubus (D:2)
  A worm (D:2)
  A dart slug (D:2)
  An orc (D:2)
  5 bats
  6 endoplasms
  2 giant cockroaches
  8 goblins
  3 hobgoblins
  7 jackals
  2 quokkas (D:2)
  5 ball pythons
  4 frilled lizards (D:1)
  5 kobolds (D:2)
  5 rats
58 creatures vanquished.

Notes
Turn   | Place    | Note
-------+----------+-------------------------------------------
     0 | D:1      | innerfire43 the Demonspawn Monk began the quest for the
                  | Orb.
     0 | D:1      | Reached XP level 1. HP: 18/18 MP: 1/1
   113 | D:1      | Reached skill level 3 in Axes
   113 | D:1      | Gained mutation: You regenerate magic rapidly. [demonic
                  | ancestry]
   113 | D:1      | Reached XP level 2. HP: 12/24 MP: 2/2
   363 | D:1      | Reached XP level 3. HP: 25/29 MP: 3/3
  1063 | D:2      | Reached skill level 4 in Axes
  1212 | D:2      | Reached XP level 4. HP: 31/35 MP: 4/4
  1681 | D:3      | Demolished by a sleepcap

Illustrated notes

Levels and vault maps discovered:
D:1:      lemuel_arrival_rhombus, layout_rooms, minmay_misc_feat_five,
          minmay_bisected
D:2:      layout_loops_cross
D:3:      layout_basic, grunt_decor_cap, minmay_fractal_squares_5, uniq_terence

Skill      XL: |  1  2  3 |
---------------+----------+-----
Axes           | 3 4 |  4.3
Fighting       | |  3.3
Dodging        | |  2.9

Action                     |  1- 3 |  4- 6 || total
---------------------------+-------+-------++-------
  Melee: Hand axe          |   115 |    29 ||   144
    Use: Scroll            |     1 |       ||     1
 Armour: Robe              |    18 |     6 ||    24
  Dodge: Dodged            |    78 |    35 ||   113

Table legend: (Time is in decaauts)
 A = Elapsed time spent in this place.
 B = Non-inter-level travel time spent in this place.
 C = Inter-level travel time spent in this place.
 D = Time resting spent in this place.
 E = Time spent auto-exploring this place.
 F = Levels seen in this place.
 G = Mean time per level.
                   A        B        C        D        E       F      G
               +--------+--------+--------+--------+--------+-----+--------+
         Total |   1699 |   1649 |     50 |      0 |   1334 |   3 |  566.3 |
       Dungeon |   1699 |   1649 |     50 |      0 |   1334 |   3 |  566.3 |
               +--------+--------+--------+--------+--------+-----+--------+

Top non-repeatable levels by time:
     D:2: 1077 daAuts
     D:1: 595 daAuts
     D:3: 25 daAuts
